 Dungeon Crawl Stone Soup version 0.29.1-15-g9cfb28693d (webtiles) character file.

Game seed: 9277165088229032762

61 croobank the Insei (level 4, 0/29 HPs)
             Began as an Octopode Transmuter on Mar 8, 2023.
             Slain by Terence
             ... wielding a +0 hand axe
              (6 damage)
             ... on level 2 of the Dungeon.
             The game lasted 00:02:53 (2166 turns).

croobank the Insei (Octopode Transmuter)            Turns: 2166, Time: 00:02:53

Health: 0/29       AC:  1    Str:  9    XL:     4   Next: 7%
Magic:  7/7        EV: 13    Int: 17    God:
Gold:   94         SH:  0    Dex: 12    Spells: 4/7 levels left

rFire   . . .      SeeInvis .   h - +0 short sword
rCold   . . .      Faith    .   (no shield)
rNeg    . . .      Spirit   .   (helmet restricted)
rPois   .          Reflect  .   j - amulet of magic regeneration
rElec   .          Harm     .   (no ring)
rCorr   .          Rampage  .   (no ring)
Will    .....                   (no ring)
Stlth   ++........              (no ring)
HPRegen 0.09/turn               (no ring)
MPRegen 0.50/turn               (no ring)
                                (no ring)
                                (no ring)

@: wereblooded
A: almost no armour, amphibious, 8 rings, camouflage 1, gelatinous body 1,
(nimble swimmer 1), tentacles
a: no special abilities


You were on level 2 of the Dungeon.
You visited 1 branch of the dungeon, and saw 2 of its levels.

You collected 94 gold pieces.

Inventory:

Hand Weapons
 h - a +0 short sword (weapon)
Missiles
 n - 6 poisoned darts
Jewellery
 j - an amulet of magic regeneration (around mantle)
Scrolls
 b - a scroll of identify {unknown}
 c - a scroll of enchant weapon {unknown}
 g - a scroll of torment {unknown}
 i - a scroll of fear {unknown}
 l - a scroll of fog {unknown}
 m - a scroll of immolation {unknown}
Potions
 a - a potion of lignification
 d - 2 potions of curing {unknown}
 e - a potion of heal wounds {unknown}
 f - a potion of resistance {unknown}
 k - a potion of attraction {unknown}
 o - a potion of degeneration {unknown}


   Skills:
 + Level 1.7 Fighting
 + Level 2.5 Dodging
 + Level 3.4 Unarmed Combat
 + Level 2.4 Spellcasting
 + Level 2.5 Transmutations


You had 4 spell levels left.
You knew the following spells:

 Your Spells              Type           Power      Damage    Failure   Level
a - Beastly Appendage     Tmut           20%        N/A       6%          1
b - Wereblood             Tmut           10%        N/A       10%         2

Your spell library contained the following spells:

 Spells                   Type           Power      Damage    Failure   Level
 Spider Form              Tmut/Pois      6%         N/A       32%         3
 Ice Form                 Ice/Tmut       6%         N/A       73%         4


Dungeon Overview and Level Annotations

Branches:
Dungeon (2/15)

Altars:
Hepliaklqana

Annotations:
D:2 Terence


Innate Abilities, Weirdness & Mutations

You cannot wear most types of armour.
You are amphibious.
You can wear up to eight rings at the same time.
Your skin changes colour to match your surroundings (Stealth+).
Your rubbery body absorbs attacks. (AC +1, EV +1)
((You are camouflaged when in or above water. (Stealth+)))
You have tentacles for arms and can constrict up to eight enemies at once.


Message History

No target in view!
You howl as the wereblood boils in your veins!
Your tentacle spike disappears.
Your primal bloodlust is almost over.
Your primal bloodlust has ended.
Terence the Incautious comes into view.
He is wielding a +0 hand axe.
Casting: Wereblood (safe; 10% risk of failure)
Confirm with . or Enter, or press ? or * to list all spells.
One of your tentacles grows a vicious spike.
Casting: Beastly Appendage (safe; 6% risk of failure)
Confirm with . or Enter, or press ? or * to list all spells.
Your blood is infused with primal strength.
Your transformation is almost over.
A rat comes into view.
Found 15 gold pieces.
Terence shouts!
A goblin comes into view. It is wielding a +0 dagger.
Terence hits you with a +0 hand axe!
The goblin shouts!
The goblin closely misses you. Terence hits you with a +0 hand axe.
You hit Terence. You grab Terence.
Terence is lightly wounded.
Your tentacle spike disappears.
You constrict Terence. Terence closely misses you. The rat misses you.
The goblin hits you with a +0 dagger.
You hit Terence.
Terence is moderately wounded.
You constrict Terence. The rat barely misses you.
The goblin hits you but does no damage. Terence misses you.
You hit Terence. You squeeze Terence, but do no damage.
Terence is heavily wounded.
You constrict Terence, but do no damage.
The rat closely misses you. Terence hits you with a +0 hand axe.
* * * LOW HITPOINT WARNING * * *
The goblin closely misses you.
You hit Terence.
Terence is heavily wounded.
You constrict Terence, but do no damage.
Terence hits you with a +0 hand axe.
You die...

#.# #.# #.# ########
#.# .......### #.#
######...#######.#####
###...##........#
###...........#
###...@@....#
#############...gr...#
..........# #........#
..........# #........#
..........###.....$..#
...........##........#
#######.....##########
#####.# ###


You could see Terence, a goblin and a rat.

Vanquished Creatures
  2 adders (D:2)
  3 ball pythons
  6 endoplasms
  2 giant cockroaches
  5 goblins
  4 hobgoblins
  A kobold (D:2)
  4 quokkas
  3 bats
  2 frilled lizards
  6 rats
38 creatures vanquished.

Notes
Turn   | Place    | Note
-------+----------+-------------------------------------------
     0 | D:1      | croobank the Octopode Transmuter began the quest for the
                  | Orb.
     0 | D:1      | Reached XP level 1. HP: 13/13 MP: 3/3
   599 | D:1      | Reached XP level 2. HP: 13/18 MP: 3/5
   757 | D:1      | Learned a level 2 spell: Wereblood
   881 | D:1      | Found a faded altar of an unknown god.
  1350 | D:1      | Reached XP level 3. HP: 23/23 MP: 2/6
  1925 | D:2      | Found a hazy altar of Hepliaklqana.
  1996 | D:2      | Reached XP level 4. HP: 29/29 MP: 7/7
  2152 | D:2      | Noticed Terence
  2166 | D:2      | Slain by Terence

Illustrated notes

Levels and vault maps discovered:
D:1:      enne_arrival_octagon_isle, layout_basic,
          ebering_ecumenical_altar_petrified
D:2:      layout_rooms, basic_altar, uniq_terence, uniq_natasha

Action                   |  1- 3 |  4- 6 || total
-------------------------+-------+-------++-------
Melee: Unarmed           |    38 |       ||    38
       Constrict         |    18 |     2 ||    20
       Kick              |    14 |     1 ||    15
       Tentacles         |    11 |     1 ||    12
       Short sword       |    24 |     7 ||    31
       Punch             |     2 |       ||     2
 Cast: Beastly Appendage |    17 |     2 ||    19
       Wereblood         |    12 |     2 ||    14
 Stab: Sleeping          |     3 |       ||     3
Armor: Skin              |     5 |     1 ||     6
Dodge: Dodged            |    36 |    10 ||    46
